 Dungeon Crawl Stone Soup version 0.25.1-2-g60ff931 (webtiles) character file.

Game seed: 12948232666948137836

139745 Captinkiss the Unseen (level 16, -28/88 HPs)
             Began as a Spriggan Hunter on Aug 19, 2020.
             Was an Initiate of Gozag.
             Annihilated by an alligator snapping turtle (40 damage)
             ... on level 1 of the Shoals.
             The game lasted 01:26:49 (38201 turns).

Captinkiss the Unseen (Spriggan Hunter)            Turns: 38201, Time: 01:26:50

Health: -28/88     AC:  4    Str: 13    XL:     16   Next: 74%
Magic:  27/27      EV: 34    Int: 13    God:    Gozag
Gold:   7638       SH:  0    Dex: 18    Spells: 28/28 levels left

rFire    + . .     SeeInvis +   Q - +8 hunting sling (vorpal)
rCold    + . .     Gourm    .   (shield restricted)
rNeg     . . .     Faith    .   c - +1 robe {rC+ rF+}
rPois    .         Spirit   .   (helmet restricted)
rElec    .         Reflect  .   w - +0 cloak
rCorr    .         Harm     .   (gloves unavailable)
MR       ++++.                  (boots unavailable)
Stlth    +++++++...             (no amulet)
HPRegen  0.24/turn              B - ring of protection from magic
MPRegen  0.20/turn              D - ring of protection from magic

@: studying Short Blades, very quick
A: very small, unfitting armour, see invisible, herbivore, speed 3, slow
metabolism 2
a: Potion Petition, Call Merchant, Bribe Branch, Renounce Religion


You were on level 1 of the Shoals.
You worshipped Gozag.
Gozag was greatly pleased with you.
You were near starving.

You visited 6 branches of the dungeon, and saw 26 of its levels.
You also visited: Ice Cave.

You collected 8669 gold pieces.
You spent 892 gold pieces at shops.
You paid 139 gold pieces to Gozag.

Inventory:

Hand Weapons
 A - the +1 dagger of the Final Allies {freeze, Int+3 Stlth+}
   (You found it on level 6 of the Lair of Beasts)

   It has been specially enchanted to freeze those struck by it, causing extra
   injury to most foes and up to half again as much damage against particularly
   susceptible opponents.
   It can also slow down cold-blooded creatures.
   It affects your intelligence (+3).
   It makes you more stealthy.
 Q - a +8 vorpal hunting sling (weapon)
Missiles
 d - 116 sling bullets (quivered)
 h - 124 stones
 q - 61 poisoned darts
 r - 477 arrows
 I - 2 datura-tipped darts
Armour
 c - a +1 robe of resistance (worn)
 w - a +0 cloak (worn)
 N - +1 steam dragon scales
Jewellery
 j - an uncursed ring of flight
 u - an uncursed ring of teleportation
 B - a ring of protection from magic (left hand)
 D - a ring of protection from magic (right hand)
Wands
 a - a wand of digging (7)
 y - a wand of paralysis (6)
 C - a wand of disintegration (1)
 F - a wand of clouds (4)
 U - a wand of flame (19)
 W - a wand of acid (12)
 Y - a wand of iceblast (17)
Scrolls
 e - 7 scrolls of amnesia
 g - a scroll of identify
 i - 7 scrolls of remove curse
 k - 2 scrolls of enchant armour
 n - 5 scrolls of fear
 s - a scroll of vulnerability
 v - 2 scrolls of fog
 z - a scroll of magic mapping
 E - a scroll of noise
 H - 12 scrolls of teleportation
 R - a scroll of silence
 T - 3 scrolls of blinking
 V - a scroll of brand weapon
Potions
 b - 2 potions of curing
 l - 2 potions of haste
 m - 4 potions of might
 o - 3 potions of stabbing
 p - a potion of resistance
 t - 5 potions of flight
 x - 4 potions of lignification
 G - 4 potions of degeneration
 J - 8 potions of heal wounds
 K - a potion of berserk rage
 O - 3 potions of brilliance
 P - a potion of magic
 X - 4 potions of mutation
 Z - a potion of cancellation
Books
 M - a manual of Short Blades
Comestibles
 f - 48 rations


   Skills:
 + Level 11.4 Fighting
 + Level 11.5 Short Blades
 - Level 13.5 Slings
 + Level 17.9 Dodging
 + Level 19.1 Stealth
 + Level 6.5 Spellcasting
 - Level 13.8 Evocations


You had 28 spell levels left.
You didn't know any spells.
Your spell library contained the following spells:

 Spells                   Type           Power        Failure   Level  Hunger
 Corona                   Hex            #......      16%         1    None
 Freeze                   Ice            #...         16%         1    None
 Magic Dart               Conj           #...         16%         1    None
 Summon Small Mammal      Summ           #...         16%         1    None
 Blink                    Tloc           N/A          24%         2    #......
 Call Imp                 Summ           #.......     24%         2    #......
 Ensorcelled Hibernation  Hex/Ice        #.....       24%         2    #......
 Poisonous Vapours        Pois/Air       #.....       24%         2    #......
 Slow                     Hex            #.......     24%         2    #......
 Call Canine Familiar     Summ           #.......     43%         3    ###....
 Confusing Touch          Hex            #.......     43%         3    ###....
 Conjure Flame            Conj/Fire      #.......     43%         3    ###....
 Dazzling Flash           Conj/Hex       #.....       43%         3    ###....
 Frozen Ramparts          Ice            #.....       43%         3    ###....
 Gell's Gravitas          Tloc           #.........   43%         3    ###....
 Mephitic Cloud           Conj/Pois/Air  #.......     43%         3    ###....
 Ozocubu's Armour         Chrm/Ice       #.......     43%         3    ###....
 Summon Guardian Golem    Hex/Summ       #.......     43%         3    ###....
 Tukima's Dance           Hex            #.......     43%         3    ###....
 Hailstorm                Conj/Ice       #.......     85%         4    ####...
 Petrify                  Tmut/Erth      #.......     85%         4    ####...
 Summon Ice Beast         Ice/Summ       #.......     85%         4    ####...
 Summon Lightning Spire   Summ/Air       #.......     85%         4    ####...
 Metabolic Englaciation   Hex/Ice        #.........   99%         5    ######.
 Silence                  Hex/Air        #.........   99%         5    ######.
 Yara's Violent Unravell  Hex/Tmut       #.........   99%         5    ######.
 Conjure Ball Lightning   Conj/Air       #.........   100%        6    #######
 Freezing Cloud           Conj/Ice/Air   #.........   100%        6    #######
 Ring of Flames           Chrm/Fire      #.........   100%        7    #######
 Tornado                  Air            #.........   100%        9    #######


Dungeon Overview and Level Annotations

Branches:
Dungeon (15/15)            Temple (1/1) D:7            Lair (6/6) D:9
 Shoals (1/4) Lair:3       Spider (0/4) Lair:4        Slime (0/5) Lair:6
    Orc (2/2) D:9             Elf (1/3) Orc:2        Vaults (0/5) D:13
 Depths (0/5) D:15          IceCv (visited)

Altars:
Ashenzari
Cheibriados
Dithmenos
Elyvilon
Fedhas
Gozag
Hepliaklqana
Kikubaaqudgha
Makhleb
Nemelex Xobeh
Okawaru
Qazlal
Ru
Sif Muna
Trog
Uskayaw
Vehumet
Wu Jian
Xom
Yredelemnul
Zin
The Shining One
Jiyva

Shops:
D:6 :   D:7 (   D:9 *   D:10 *   Orc:2 :=(:

Portals:
Trove: D:12 (give +4 shadow dragon scales)

Annotations:
D:6 , 2 transporters, ringo67's ghost, novice HOSu
Lair:4 3 runed translucent doors, Houndtax's ghost, journeyman MiBe; Jetinea's ghost, journeyman VSAr; Jocob's ghost, journeyman TeGl; Juirae's ghost, journeyman TrMo; Tacizxits's ghost, journeyman VSAr
Lair:6 2 runed translucent doors


Innate Abilities, Weirdness & Mutations

You are very small and have problems with some larger weapons.
You are too small for most types of armour.
You have supernaturally acute eyesight. (SInv)
You are a herbivore.
You cover ground extremely quickly.
You need to consume almost no food.


Message History

The alligator snapping turtle is moderately wounded.
The alligator snapping turtle completely misses you.
Firing (i - inventory. (/) - cycle)
d - 118 sling bullets (quivered)
Press: ? - help, Shift-Dir - straight line, f/p - alligator snapping turtle
Aim: an alligator snapping turtle (moderately wounded)
You shoot a sling bullet.
The sling bullet hits the alligator snapping turtle but does no damage.
The alligator snapping turtle is moderately wounded.
Firing (i - inventory. (/) - cycle)
d - 117 sling bullets (quivered)
Press: ? - help, Shift-Dir - straight line, f/p - alligator snapping turtle
Aim: an alligator snapping turtle (moderately wounded)
You shoot a sling bullet.
The sling bullet hits the alligator snapping turtle but does no damage.
The alligator snapping turtle is moderately wounded.
The alligator snapping turtle bites you from afar!!!
* * * LOW HITPOINT WARNING * * *
You are too injured to fight recklessly!
The alligator snapping turtle bites you from afar!!!
You die...
Your body crumbles into a pile of gold.

≈≈≈ ≈≈≈≈.
...≈≈≈≈P≈≈≈≈≈≈≈≈≈≈ ≈≈≈≈.
..P....≈≈≈≈≈≈≈≈≈≈≈
..≈≈.. #....P..≈≈P≈≈≈≈≈≈
..≈≈.. ##..#P..≈≈≈≈≈≈≈≈≈
.....%##.PP...≈≈P≈≈≈≈≈≈≈
...!....≈PP.≈≈≈≈≈≈≈≈≈≈≈≈
.........P..≈≈≈≈≈≈≈≈≈≈≈≈
(..((..@.t(((((PPP≈≈≈≈≈≈
.!....(...≈≈≈≈≈PP≈≈≈≈≈≈≈
#...##..≈≈≈≈≈≈≈≈≈≈≈≈≈≈≈≈
#.. #?≈..≈≈≈≈≈≈≈≈≈≈≈≈≈≈
# .$≈...≈≈≈≈≈≈≈≈≈≈≈≈≈≈
...≈.≈>≈≈≈≈≈≈≈≈≈≈≈≈≈≈
≈≈(≈≈≈≈≈≈≈≈≈≈≈≈≈≈≈≈≈≈≈
≈≈≈≈≈≈≈≈≈≈≈≈≈≈≈≈≈≈≈≈≈≈
≈≈≈≈≈≈≈≈≈≈≈≈≈≈≈≈≈


You could see an alligator snapping turtle.

Vanquished Creatures
  An orc warlord (Orc:1)
  Nessos (Lair:6)
  Snorg (D:10)
  An ettin (Orc:2)
  2 yaktaur captains
  8 hydras
  Erica (D:8)
  3 centaur warriors
  6 two-headed ogres
  An orc high priest (Orc:2)
  2 deep elf knights
  A sea snake (Shoals:1)
  2 unseen horrors
  A wizard (D:15)
  A lindwurm (Lair:6)
  A deep elf archer (Elf:1)
  3 orc knights
  Pikel (D:4)
  A necromancer (IceCv)
  6 orc sorcerers (Orc:2)
  A wolf spider (Lair:4)
  8 deep elf magi
  7 cyclopes
  4 manticores
  Maurice (D:10)
  2 ugly things
  4 centaur zombies
  17 elephants
  4 ice statues (IceCv)
  8 black mambas
  Maggie (D:7)
  2 gargoyles
  2 molten gargoyles (Lair:6)
  11 spiny frogs
  5 rime drakes
  A kobold demonologist (D:14)
  2 yaktaurs (D:13)
  An efreet (D:12)
  A komodo dragon (shapeshifter) (D:13)
  9 komodo dragons
  9 trolls
  2 merfolk (Shoals:1)
  8 ice devils (IceCv)
  2 hornets
  A jumping spider (Lair:4)
  4 polar bears
  A meliai (shapeshifter) (D:14)
  26 blink frogs
  5 slime creatures
  Grinder (D:4)
  13 dream sheep (Lair:6)
  9 hippogriffs
  A snapping turtle (Shoals:1)
  A meliai zombie (D:14)
  A redback (Lair:4)
  6 wyverns
  34 yaks
  A basilisk (Lair:1)
  A water elemental (Shoals:1)
  2 wraiths
  3 fire bats (Lair:1)
  A fire elemental (Elf:1)
  4 hogs (D:8)
  A human (D:8)
  3 hungry ghosts
  Menkaure (D:5)
  8 vampire mosquitoes
  2 two-headed ogre zombies (D:9)
  4 wargs
  5 hell hounds (Lair:6)
  9 water moccasins
  An acid dragon (D:14)
  8 porcupines
  An eye of draining (D:13)
  2 black bears
  8 sky beasts
  6 ice beasts
  25 orc warriors
  2 phantoms (D:9)
  A hornet zombie (D:14)
  13 ogres
  4 wolves (Lair:6)
  9 centaurs
  A necrophage (D:10)
  9 crocodiles
  Blork the orc (D:4)
  A big kobold (D:12)
  18 bullfrogs
  A gnoll sergeant (D:10)
  A wyvern zombie (D:12)
  3 scorpions
  2 troll zombies (D:9)
  17 killer bees
  10 wights
  2 howler monkeys
  7 crimson imps
  2 bullfrog zombies
  5 lava snakes (Lair:6)
  2 draconian simulacra (IceCv)
  3 quasits
  5 hounds
  2 jellies
  A bullfrog skeleton (D:5)
  5 centaur skeletons
  Crazy Yiuf (D:6)
  A gnoll shaman (D:8)
  22 orc priests
  43 orc wizards
  Terence (D:2)
  5 iguanas
  3 troll simulacra (IceCv)
  13 worker ants
  4 ogre zombies (D:9)
  2 hound zombies
  A hound skeleton (D:5)
  A howler monkey skeleton (D:4)
  22 gnolls
  4 ogre simulacra (IceCv)
  12 adders
  A naga simulacrum (IceCv)
  2 shadow imps
  2 oozes (D:1)
  2 worms
  8 leopard geckos
  74 orcs
  8 giant cockroaches
  2 goblins
  8 hobgoblins
  13 jackals
  16 kobolds
  6 quokkas
  4 ball pythons
  4 bats
  7 frilled lizards
  2 goblin skeletons (D:9)
  A goblin zombie (D:9)
  2 hobgoblin skeletons (D:9)
  3 hobgoblin zombies (D:9)
  A leopard gecko skeleton (D:4)
  An orc skeleton (D:9)
  16 orc zombies (D:9)
  A quokka skeleton (D:3)
  A quokka zombie (D:5)
  11 rats
  A fungus (Lair:6)
814 creatures vanquished.

Vanquished Creatures (collateral kills)
  An ice beast (D:10)
  3 orc warriors
  2 orcs (D:10)
6 creatures vanquished.

Vanquished Creatures (others)
  2 vampire mosquitoes (D:12)
  A fungus (Lair:6)
  5 plants
8 creatures vanquished.

Grand Total: 828 creatures vanquished

Notes
Turn   | Place    | Note
-------+----------+-------------------------------------------
     0 | D:1      | Captinkiss the Spriggan Hunter began the quest for the Orb.
     0 | D:1      | Reached XP level 1. HP: 10/10 MP: 2/2
   177 | D:1      | Reached skill level 2 in Stealth
   185 | D:1      | Reached skill level 5 in Slings
   185 | D:1      | Reached XP level 2. HP: 15/15 MP: 3/3
   747 | D:1      | Reached XP level 3. HP: 18/18 MP: 4/4
  1029 | D:2      | Reached skill level 3 in Stealth
  1066 | D:2      | Noticed Terence
  1068 | D:2      | Noticed an ogre
  1080 | D:2      | Killed Terence
  1080 | D:2      | Reached XP level 4. HP: 23/23 MP: 5/5
  1110 | D:2      | Killed an ogre
  1110 | D:2      | Reached skill level 4 in Stealth
  1110 | D:2      | Reached XP level 5. HP: 27/27 MP: 6/6
  1742 | D:3      | Found a white marble altar of Elyvilon.
  1830 | D:3      | Reached skill level 5 in Dodging
  1912 | D:3      | Reached XP level 6. HP: 28/32 MP: 7/7
  2013 | D:3      | Found an ancient bone altar of Kikubaaqudgha.
  2013 | D:3      | Found a sparkling altar of Nemelex Xobeh.
  2014 | D:3      | Found an ornate altar of the Wu Jian Council.
  2697 | D:4      | Reached skill level 5 in Stealth
  2704 | D:4      | Noticed Pikel
  2706 | D:4      | Noticed a slave
  2708 | D:4      | Noticed a slave
  2711 | D:4      | Noticed a slave
  2719 | D:4      | Noticed a slave
  2738 | D:4      | Killed Pikel
  2738 | D:4      | Reached skill level 6 in Stealth
  2738 | D:4      | Reached XP level 7. HP: 37/37 MP: 8/8
  2906 | D:4      | Noticed Blork the orc
  2912 | D:4      | Killed Blork the orc
  3020 | D:4      | Noticed Grinder
  3038 | D:4      | Killed Grinder
  3038 | D:4      | Reached skill level 7 in Stealth
  3038 | D:4      | Reached XP level 8. HP: 38/42 MP: 9/9
  3246 | D:4      | Found a glowing golden altar of the Shining One.
  4062 | D:5      | Entered Level 5 of the Dungeon
  4174 | D:5      | Reached skill level 8 in Stealth
  4426 | D:5      | Noticed Menkaure
  4438 | D:5      | Killed Menkaure
  4452 | D:5      | Reached skill level 5 in Fighting
  5016 | D:5      | Reached skill level 9 in Stealth
  5182 | D:5      | Reached XP level 9. HP: 26/47 MP: 10/10
  5851 | D:6      | Found an iron altar of Okawaru.
  6348 | D:6      | Found a shattered altar of Ashenzari.
  6369 | D:6      | Found a runed translucent door.
  6427 | D:6      | Noticed Crazy Yiuf
  6528 | D:6      | Found Cadwafa's Book Emporium.
  6553 | D:6      | Reached skill level 10 in Stealth
  6663 | D:6      | Identified the +3 dire flail "Lirapsaf" {antimagic, +Fly
                  | rPois rC- Str+3}
  6663 | D:6      | Identified the +1 great mace "Leatiav" {flame, rPois rC-
                  | Int+3}
  6663 | D:6      | Noticed a two-headed ogre
  6674 | D:6      | Noticed ringo67's ghost (novice HOSu)
  6676 | D:6      | Found a transporter.
  6683 | D:6      | Found a transporter.
  6882 | D:6      | Killed Crazy Yiuf
  7020 | D:7      | Found a staircase to the Ecumenical Temple.
  7022 | D:7      | Noticed Maggie
  7033 | D:7      | Killed Maggie
  7062 | Temple   | Entered the Ecumenical Temple
  7293 | Temple   | Became a worshipper of Gozag Ym Sagoz the Greedy
  7545 | D:7      | Reached skill level 10 in Dodging
  7896 | D:7      | Found Totzeapp's Antique Weapon Emporium.
  7912 | D:7      | Bought a runed hunting sling for 153 gold pieces
  8223 | D:8      | Noticed Erica
  8254 | D:8      | Killed Erica
  8254 | D:8      | Reached skill level 10 in Slings
  8254 | D:8      | Reached skill level 11 in Stealth
  8254 | D:8      | Reached XP level 10. HP: 53/53 MP: 11/11
  8421 | D:8      | Noticed a two-headed ogre
  8444 | D:8      | Killed a two-headed ogre
  8900 | D:8      | Reached skill level 12 in Stealth
  9193 | D:8      | Got a crude robe
  9204 | D:8      | Identified the cursed +1 robe of Contentment {Harm rF-
                  | rCorr Int+5} (You found it on level 8 of the Dungeon)
  9366 | D:7      | Bought a crystal short sword for 272 gold pieces
  9366 | D:7      | Identified the cursed +0 short sword of Poarats {antimagic,
                  | rPois rC+} (You bought it in a shop on level 7 of the
                  | Dungeon)
  9507 | D:9      | Found a shimmering altar of Xom.
  9694 | D:9      | Reached skill level 1 in Short Blades
  9730 | D:9      | Paralysed by a hornet for 1 turns
  9896 | D:9      | Found a staircase to the Orcish Mines.
 10130 | D:9      | Reached XP level 11. HP: 58/58 MP: 12/12
 10586 | D:9      | Reached skill level 13 in Stealth
 10825 | D:9      | Found a shimmering blue altar of Sif Muna.
 10859 | D:9      | Found Araruurch's General Store.
 10874 | D:9      | Bought a potion of curing for 42 gold pieces
 10874 | D:9      | Bought 14 sling bullets for 98 gold pieces
 10874 | D:9      | Bought a scroll of teleportation for 42 gold pieces
 10874 | D:9      | Bought 26 stones for 36 gold pieces
 10874 | D:9      | Bought 24 sling bullets for 168 gold pieces
 10874 | D:9      | Bought 22 stones for 30 gold pieces
 10933 | D:9      | Found a staircase to the Lair.
 11102 | D:10     | Entered Level 10 of the Dungeon
 11208 | D:10     | Noticed Snorg
 11330 | D:10     | Killed Snorg
 11330 | D:10     | Reached skill level 5 in Short Blades
 11620 | D:10     | Noticed Maurice
 11627 | D:10     | Noticed a four-headed hydra
 11636 | D:10     | Killed Maurice
 11740 | D:10     | Killed a four-headed hydra
 11945 | D:10     | Found an iron altar of Okawaru.
 12047 | D:10     | Found Ritets's Assorted Antiques.
 12055 | D:10     | Bought a bubbling red potion for 24 gold pieces
 12055 | D:10     | Bought a scroll labeled GITYALE GYKI for 27 gold pieces
 12840 | D:11     | Reached skill level 14 in Stealth
 13032 | D:11     | Noticed a red ugly thing
 13068 | D:11     | Killed a red ugly thing
 13084 | D:11     | Reached XP level 12. HP: 65/65 MP: 13/13
 13148 | D:11     | Noticed a centaur warrior
 13165 | D:11     | Killed a centaur warrior
 15403 | D:12     | Found a portal to a secret trove of treasure.
 15585 | D:13     | Reached skill level 15 in Stealth
 16105 | D:13     | Noticed a yaktaur captain
 16387 | D:13     | Reached skill level 10 in Short Blades
 16417 | D:13     | Found a bloodstained altar of Trog.
 17027 | D:13     | Killed a yaktaur captain
 17235 | D:13     | Found a gate to the Vaults.
 17256 | D:13     | Noticed a two-headed ogre
 17282 | D:13     | Killed a two-headed ogre
 17632 | D:14     | Noticed a centaur warrior
 17645 | D:14     | Killed a centaur warrior
 17645 | D:14     | Reached XP level 13. HP: 65/70 MP: 14/14
 19249 | D:14     | You fall into a shaft and drop 1 floor!
 19249 | D:15     | Entered Level 15 of the Dungeon
 19702 | D:14     | Reached skill level 15 in Dodging
 20299 | D:14     | Reached skill level 16 in Stealth
 20536 | Orc:1    | Entered Level 1 of the Orcish Mines
 20754 | Lair:1   | Entered Level 1 of the Lair of Beasts
 20780 | Lair:1   | Reached skill level 1 in Evocations
 22062 | Lair:2   | Reached skill level 5 in Evocations
 23080 | Lair:3   | Found a staircase to the Shoals.
 23683 | Lair:4   | Reached skill level 10 in Fighting
 24103 | Lair:4   | Found a hole to the Spider Nest.
 24108 | Lair:4   | Reached XP level 14. HP: 77/77 MP: 20/20
 24544 | Lair:4   | Reached skill level 17 in Stealth
 24547 | Lair:4   | Found a runed translucent gate.
 24547 | Lair:4   | Found a runed translucent gate.
 24549 | Lair:4   | Found a runed translucent gate.
 24551 | Lair:4   | Noticed Tacizxits's ghost (journeyman VSAr)
 24553 | Lair:4   | Noticed Houndtax's ghost (journeyman MiBe)
 24556 | Lair:4   | Noticed Juirae's ghost (journeyman TrMo)
 24556 | Lair:4   | Noticed Jetinea's ghost (journeyman VSAr)
 24558 | Lair:4   | Noticed Jocob's ghost (journeyman TeGl)
 25625 | Lair:6   | Entered Level 6 of the Lair of Beasts
 25715 | Lair:6   | Found a frozen archway.
 25799 | IceCv    | Entered an ice cave
 27459 | Lair:6   | Noticed Nessos
 27699 | Lair:5   | Reached skill level 10 in Evocations
 28647 | Lair:6   | Found a viscous altar of Jiyva.
 29087 | Lair:6   | Found a staircase to the Slime Pits.
 29557 | Lair:6   | Reached skill level 18 in Stealth
 30437 | Lair:6   | Killed Nessos
 30594 | Lair:6   | Got a twisted dagger
 30595 | Lair:6   | Identified the cursed +1 dagger of the Final Allies
                  | {freeze, Int+3 Stlth+} (You found it on level 6 of the Lair
                  | of Beasts)
 31181 | Lair:6   | Reached XP level 15. HP: 70/81 MP: 24/24
 31577 | Lair:6   | Found a large runed translucent door.
 31577 | Lair:6   | Found a large runed translucent door.
 32340 | Orc:1    | Noticed an orc warlord
 32524 | Orc:1    | Killed an orc warlord
 33087 | Orc:1    | Found a bloodstained altar of Trog.
 33177 | Orc:2    | Entered Level 2 of the Orcish Mines
 34321 | Orc:2    | Found Ronoseiw's Book Emporium.
 34321 | Orc:2    | Found Memaguq's Book Shoppe.
 34321 | Orc:2    | Found Geezxoar's Jewellery Emporium.
 34330 | Orc:2    | Found Zeuduhet's Weapon Shoppe.
 34713 | Orc:2    | Found a staircase to the Elven Halls.
 35086 | Elf:1    | Entered Level 1 of the Elven Halls
 36505 | D:15     | Reached skill level 19 in Stealth
 36832 | D:15     | Reached XP level 16. HP: 88/88 MP: 27/27
 37001 | D:15     | Found a staircase to the Depths.
 37673 | Shoals:1 | Entered Level 1 of the Shoals
 38201 | Shoals:1 | Annihilated by an alligator snapping turtle

Illustrated notes

Levels and vault maps discovered:
D:1:      erik_arrival_triangle_small, layout_basic, hangedman_decor_riveting,
          minmay_misc_feat_chi, hangedman_decor_clover_reticule,
          minmay_misc_feat_columns, glass_columns_c
D:2:      layout_rooms, first_ration, corexii_shack, roderic_lattice_a,
          uniq_terence
D:3:      layout_rooms, elyvilon_altar_3, gammafunk_temple_overflow_forgotten,
          serial_rivers, chequers_serial_rivers_large_a,
          chequers_serial_rivers_micro_e, chequers_serial_rivers_micro_d,
          chequers_serial_rivers_micro_d, chequers_serial_rivers_small_a
D:4:      layout_basic, tso_metal_star, uniq_blork_the_orc, uniq_grinder,
          uniq_pikel
D:5:      layout_cave_pools, grunt_ministairs_5, uniq_menkaure
D:6:      layout_basic, kennysheep_mini, okawaru_gym_becter,
          gammafunk_ghost_smash, serial_shops, nicolae_shop_stone,
          minmay_manual_mess, uniq_crazy_yiuf_cottage
D:7:      layout_basic, minmay_temple_entry_trees, serial_shops,
          nicolae_shop_temple_entry_statues_fountains, lightli_corner_chamber,
          uniq_maggie
D:8:      layout_loops_ring, grunt_livestock, uniq_erica
D:9:      kennysheep_blocky_hall, layout_basic, old_standard_altar,
          lemuel_doored_altar, lair_entry_dummy, zombieorc2_lemuel,
          serial_shops, nicolae_shop_window_shopping
D:10:     layout_cave_pools, serial_shops, shop, minmay_ruined_shrine,
          uniq_snorg, uniq_maurice
D:11:     layout_stronghold, serial_column_ruins, column_ruins_courtyard_long,
          column_ruins_grid_1, column_ruins_corridor_straight,
          column_ruins_corridor_straight, column_ruins_grid_2,
          column_ruins_open_tiny, column_ruins_columns_water, hex_large
D:12:     layout_loops_ring, enter_trove_6
D:13:     layout_basic, david_vaults_2, basic_altar
D:14:     layout_loops_ring, nooodl_food_tri
D:15:     grunt_enter_depths_snipers, layout_rooms, grunt_decor_arrowhead
Temple:   dpeg_chambers_temple
Lair:1:   layout_gridlike, chequers_serial_rivers_micro_e
Lair:2:   wander_river, layout_cave_shapes
Lair:3:   layout_regular_city, shoals_dummy_entry
Lair:4:   layout_regular_city, spider_nest_entry_funnel_web,
          gammafunk_ghost_cemetery, columned_hall_lemuel,
          small_statue_intersection
Lair:5:   layout_regular_city
Lair:6:   cheibrodos_lair_end_hotspot, layout_regular_city, slime_altar_1,
          portal_ice_cave_entry_pillars_1, cheibrodos_lair_lostbears,
          uniq_nessos
Shoals:1: layout_shoals
Orc:1:    layout_caves, trog_hazing_becter
Orc:2:    st_orc_mages, layout_caves
Elf:1:    minmay_elf_arrival_circle, layout_onion_city, hangedman_elf_represent

Skill      XL: |  1  2  3  4  5  6  7  8  9 10 11 12 13 14 15 |
---------------+----------------------------------------------+-----
Stealth        | 2 3 4 6 7 9 11 12 14 15 16 18 19 | 19.1
Slings         | 5 6 7 8 10 11 12 13 | 13.5
Fighting       | 2 3 4 5 6 7 8 9 10 11 | 11.4
Dodging        | 4 5 6 7 8 10 12 13 14 15 17 | 17.9
Short Blades   | 3 7 10 11 | 11.5
Evocations     | 7 11 13 | 13.8
Spellcasting   | 6 |  6.5

Action                   |  1- 3 |  4- 6 |  7- 9 | 10-12 | 13-15 | 16-18 || total
-------------------------+-------+-------+-------+-------+-------+-------++-------
Melee: Dagger            |       |       |    18 |     9 |     7 |     2 ||    36
 Fire: Hunting sling     |    89 |   196 |   475 |  1437 |  2417 |   121 ||  4735
Throw: Dart              |     3 |    12 |    37 |     7 |    18 |       ||    77
 Abil: Evoke Flight      |       |       |       |       |       |     1 ||     1
Evoke: Wand              |       |       |    13 |    15 |    26 |     1 ||    55
  Use: Scroll            |       |       |     6 |     7 |    22 |     2 ||    37
       Potion            |       |       |       |     3 |     4 |       ||     7
 Stab: Paralysed         |       |       |     5 |     1 |     1 |       ||     7
       Sleeping          |       |       |     2 |     1 |     2 |       ||     5
       Confused          |       |       |     2 |       |       |       ||     2
  Eat: Ration            |       |       |     1 |     4 |     8 |       ||    13
Armor: Robe              |     1 |     5 |     6 |       |     4 |     1 ||    17
       Steam dragon scal |       |       |     3 |    22 |    51 |       ||    76
Dodge: Dodged            |    19 |    61 |   202 |   401 |   773 |    48 ||  1504
